 Dungeon Crawl Stone Soup version 0.19-a0-1185-gacb3972 (webtiles) character file.

1090 Duffy the Carver (level 8, -4/68 HPs)
             Began as a Deep Dwarf Monk on Aug 19, 2016.
             Was a Believer of Makhleb.
             Slain by an ogre
             ... wielding a +0 giant club
              (13 damage)
             ... on level 5 of the Dungeon.
             The game lasted 00:10:12 (4019 turns).

Duffy the Carver (Deep Dwarf Monk)                  Turns: 4019, Time: 00:10:13

Health: -4/68      AC: 13    Str: 17    XL:     8   Next: 9%
Magic:  5/5        EV:  6    Int: 11    God:    Makhleb [**....]
Gold:   152        SH:  0    Dex: 17    Spells: 0 memorised, 7 levels left

rFire  . . .     SeeInvis .     a - +0 falchion
rCold  . . .     Gourm    .     v - +0 plate armour
rNeg   . . .     Faith    .     (no shield)
rPois  +         Spirit   .     (no helmet)
rElec  .         Dismiss  .     (no cloak)
rCorr  .         Reflect  .     (no gloves)
MR     +....     Harm     .     o - +0 pair of boots
Stlth  ..........               (no amulet)
                                m - ring of poison resistance
                                l - +2 ring of strength

@: non-regenerating
A: damage resistance, recharge devices, claws 1, sense surroundings 2, slow
regeneration 3
a: Device Recharging, Minor Destruction, Renounce Religion


You were on level 5 of the Dungeon.
You worshipped Makhleb.
Makhleb was pleased with you.
You were not hungry.

You visited 2 branches of the dungeon, and saw 6 of its levels.

You collected 152 gold pieces.

Inventory:

Hand Weapons
 a - a +0 falchion (weapon)
Missiles
 f - 59 stones (quivered)
Armour
 o - a +0 pair of boots (worn)
 v - a +0 plate armour (worn)
Jewellery
 l - a +2 ring of strength (left claw)
 m - a ring of poison resistance (right claw)
Wands
 c - a wand of heal wounds (6/9)
 i - a wand of iceblast (10/15)
Scrolls
 b - a scroll of enchant armour {unknown}
 h - a scroll of amnesia {unknown}
 n - 4 scrolls of remove curse
 q - 2 scrolls of teleportation
 u - 2 scrolls of noise {unknown}
 x - a scroll of fog {unknown}
Potions
 e - a potion of curing
 g - a potion of heal wounds
 j - a potion of haste
 k - a potion of cancellation
 r - a potion of degeneration {unknown}
Books
 p - a book of Burglary

   Spells                             Type                      Level
   a - Swiftness                      Charms/Air                   2
   b - Passwall                       Transmutation/Earth          2
   c - Passage of Golubria            Translocation                4
   d - Lee's Rapid Deconstruction     Earth                        5
   e - Darkness                       Hexes                        6
   f - Invisibility                   Hexes                        6
 w - a book of Fire

   Spells                             Type                      Level
   a - Ignite Poison                  Fire/Transmutation/Poison    3
   b - Fireball                       Conjuration/Fire             5
   c - Bolt of Fire                   Conjuration/Fire             6
   d - Delayed Fireball               Conjuration/Fire             7
   e - Ring of Flames                 Charms/Fire                  7
Comestibles
 d - 4 bread rations
 s - 2 beef jerkies
 t - 6 chunks of flesh


   Skills:
 - Level 2.6 Fighting
 + Level 8.7 Long Blades
 + Level 5.2 Armour
 - Level 3.2 Dodging
 - Level 2.4 Stealth


You had 7 spell levels left.
You didn't know any spells.

Dungeon Overview and Level Annotations

Branches:
Dungeon (5/15)             Temple (1/1) D:4

Altars:
Ashenzari
Cheibriados
Dithmenos
Elyvilon
Fedhas
Gozag
Hepliaklqana
Kikubaaqudgha
Makhleb
Nemelex Xobeh
Okawaru
Ru
Sif Muna
Trog
Uskayaw
Vehumet
Xom
Yredelemnul
Zin


Innate Abilities, Weirdness & Mutations

You are resistant to damage.
You can recharge devices by infusing magical energy.
You passively map the area around you.
You do not regenerate naturally.
You have sharp fingernails.


Message History

You barely miss the ogre.
The ogre is moderately wounded.
You hit the ogre.
The ogre is heavily wounded.
The ogre hits you with a giant club!
You are too injured to fight recklessly!
You are too injured to fight recklessly!
You are too injured to fight recklessly!
You slash the ogre!
The ogre is severely wounded.
The ogre hits you but does no damage.
You hit the ogre.
The ogre is almost dead.
You hit the ogre but do no damage.
The ogre is almost dead.
The ogre hits you with a giant club!!
You barely miss the ogre.
The ogre is almost dead.
The ogre hits you with a giant club!
You die...

, ** #.. #.....# #.. #.....
#.. #.... * #.. * *###... #..
* , ....##### ###.. >
,,........, , ..... #.*
###...##### ** #### #.*
#..@O.....# #. , #.##......#
#.#.###.........##########
#.........................
#####.#####.##................
#.............................
#......####.##.......##...####
#......# #.##....>..##...# #
#......# ####.#####......#* #


You could see an ogre.

Vanquished Creatures
  Grinder (D:3)
  A water moccasin zombie (D:5)
  A scorpion (D:5)
  A killer bee (D:4)
  A howler monkey (D:5)
  A crimson imp (D:4)
  A quasit (D:5)
  A giant frog skeleton (D:5)
  A gnoll shaman (D:5)
  3 orc priests
  An iguana (D:4)
  Jessica (D:3)
  5 orc wizards
  A hound skeleton (D:4)
  9 gnolls
  11 adders
  A worm (D:4)
  3 dart slugs
  9 giant geckos
  17 orcs
  3 ball pythons
  3 giant cockroaches
  8 goblins
  4 hobgoblins
  3 jackals (D:2)
  7 kobolds
  3 quokkas
  5 bats
  A giant gecko skeleton (D:4)
  4 giant newts
  2 jackal skeletons
  11 rats
124 creatures vanquished.

Notes
Turn   | Place    | Note
-------+----------+-------------------------------------------
     0 | D:1      | Duffy the Deep Dwarf Monk began the quest for the Orb.
     0 | D:1      | Reached XP level 1. HP: 20/20 MP: 1/1
   142 | D:1      | Reached XP level 2. HP: 22/27 MP: 2/2
   477 | D:1      | Reached skill level 4 in Long Blades
   667 | D:2      | Reached XP level 3. HP: 18/33 MP: 3/3
   982 | D:2      | Reached skill level 5 in Long Blades
   982 | D:2      | Reached XP level 4. HP: 13/40 MP: 4/4
  1345 | D:3      | Noticed Jessica
  1363 | D:3      | Killed Jessica
  1363 | D:3      | Reached XP level 5. HP: 31/46 MP: 5/5
  1423 | D:3      | Found a sparkling altar of Nemelex Xobeh.
  1430 | D:3      | Noticed Grinder
  1451 | D:3      | Killed Grinder
  1451 | D:3      | Reached skill level 7 in Long Blades
  1451 | D:3      | Reached XP level 6. HP: 55/55 MP: 6/6
  1618 | D:3      | Reached skill level 1 in Armour
  2648 | D:4      | Found a bloodstained altar of Trog.
  2650 | D:4      | Found a shimmering altar of Xom.
  2652 | D:4      | Found a sacrificial altar of Ru.
  2785 | D:4      | Gained mutation: You have sharp fingernails. [potion of beneficial mutation]
  2786 | D:4      | Gained mutation: You passively map the area around you. [potion of beneficial mutation]
  2828 | D:4      | Reached XP level 7. HP: 38/61 MP: 6/6
  3047 | D:4      | Got an ichor-stained chain mail
  3058 | D:4      | Identified the +4 chain mail "Ytsanux" {rF- Regen+ Int+5 Dex+2} (You found it on level 4 of the Dungeon)
  3080 | D:4      | Found a staircase to the Ecumenical Temple.
  3086 | Temple   | Entered the Ecumenical Temple
  3251 | Temple   | Became a worshipper of Makhleb the Destroyer
  3251 | Temple   | Reached * piety under Makhleb
  3251 | Temple   | Reached ** piety under Makhleb
  3439 | D:5      | Entered Level 5 of the Dungeon
  3479 | D:4      | Reached skill level 8 in Long Blades
  3860 | D:5      | Reached XP level 8. HP: 68/68 MP: 5/5
  3914 | D:5      | Reached skill level 5 in Armour
  4019 | D:5      | Slain by an ogre

Vault maps used:
D:1:      zelgadis_glass_arrival_small
D:3:      first_bread, nemelex_diamond_rough_becter, uniq_jessica, uniq_grinder
D:4:      gammafunk_temple_overflow_forgotten, minmay_lizard_king
D:5:      kennysheep_mini, kennysheep_little_box, minmay_misc_feat_four_crosses,
          uniq_blork_the_orc
Temple:   eino_temple_scatter_basement

Skill      XL: |  1  2  3  4  5  6  7  8 |
---------------+-------------------------+-----
Long Blades    | 4 5 7 8 |  8.7
Armour         | 2 4 5 |  5.2
Fighting       | |  2.6
Dodging        | |  3.2
Stealth        | |  2.4

Action                   |  1- 3 |  4- 6 |  7- 9 || total
-------------------------+-------+-------+-------++-------
Melee: Falchion          |   129 |   272 |   322 ||   723
Throw: Stone             |     2 |       |       ||     2
 Abil: Device Recharging |       |     1 |     2 ||     3
Evoke: Wand              |       |     5 |     7 ||    12
  Use: Scroll            |       |     6 |     3 ||     9
       Potion            |       |     3 |       ||     3
 Stab: Sleeping          |     3 |       |       ||     3
  Eat: Chunk             |       |     7 |     5 ||    12
Armor: Robe              |     5 |       |       ||     5
       Scale mail        |    25 |    44 |       ||    69
       Plate armour      |       |    55 |   186 ||   241
Dodge: Dodged            |    51 |    84 |    78 ||   213
